[Event "4NCL Team Rapidplay"]
[Site "Daventry"]
[Date "2013.10.05"]
[Round "7.5"]
[White "Watson, William"]
[Black "Pein, Malcolm"]
[Result "1-0"]
[ECO "C26"]
[WhiteElo "2498"]
[BlackElo "2371"]
[PlyCount "59"]
[EventDate "2013.10.05"]
[EventType "team-swiss (rapid)"]
[EventRounds "7"]
[EventCountry "ENG"]
[WhiteTeam "SMPS"]
[BlackTeam "CSC"]
[WhiteTeamCountry "ENG"]
[BlackTeamCountry "ENG"]
[TimeControl "900+115"]
[WhiteClock "0:01:51"]
[BlackClock "0:00:31"]

1. e4 e5 2. Nc3 Nf6 3. g3 Bc5 4. Bg2 Nc6 5. d3 a6 6. f4 exf4 7. Bxf4 d6 8. Nf3
Nd4 9. Ne2 Bg4 10. Nexd4 Bxd4 11. c3 Bb6 12. h3 Be6 13. Nd4 Qd7 14. Nxe6 fxe6
15. d4 O-O 16. O-O e5 17. Bg5 Qe6 18. Qd3 Rae8 19. Rae1 Qxa2 20. Bxf6 Rxf6 21.
Rxf6 gxf6 22. Re2 Qa4 23. Rd2 c5 24. Qf3 cxd4 25. Kh2 Rf8 26. Qg4+ Kh8 27. Qe6
Qe8 28. Qxd6 Qd8 29. Qe6 Qe8 30. Qxb6 1-0

[Event "4NCL Team Rapidplay"]
[Site "Daventry"]
[Date "2013.10.05"]
[Round "7.6"]
[White "Lunn, Matthew"]
[Black "Josse, Mark"]
[Result "0-1"]
[ECO "D20"]
[WhiteElo "2045"]
[BlackElo "2173"]
[PlyCount "48"]
[EventDate "2013.10.05"]
[EventType "team-swiss (rapid)"]
[EventRounds "7"]
[EventCountry "ENG"]
[WhiteTeam "SMPS"]
[BlackTeam "CSC"]
[WhiteTeamCountry "ENG"]
[BlackTeamCountry "ENG"]
[TimeControl "900+70"]
[WhiteClock "0:04:18"]
[BlackClock "0:05:37"]

1. d4 d5 2. c4 dxc4 3. e3 e5 4. Bxc4 exd4 5. exd4 Bd6 6. Nf3 Nf6 7. O-O O-O 8.
Nc3 h6 9. h3 Nc6 10. Re1 Bf5 11. a3 a6 12. d5 Ne7 13. Ba2 Re8 14. Be3 Ng6 15.
Nd4 Bd7 16. Qd2 Nh5 17. Bb1 Nhf4 18. Nf3 Qc8 19. Bxg6 Nxg6 20. Rad1 Bxh3 21.
Nd4 Bxg2 22. Kxg2 Qg4+ 23. Kf1 Qh3+ 24. Ke2 Nf4# 0-1

[Event "4NCL Team Rapidplay"]
[Site "Daventry"]
[Date "2013.10.05"]
[Round "7.7"]
[White "Holmes, Richard"]
[Black "Chan, Nevil"]
[Result "0-1"]
[ECO "A40"]
[WhiteElo "2270"]
[BlackElo "2027"]
[PlyCount "65"]
[EventDate "2013.10.05"]
[EventType "team-swiss (rapid)"]
[EventRounds "7"]
[EventCountry "ENG"]
[WhiteTeam "SMPS"]
[BlackTeam "CSC"]
[WhiteTeamCountry "ENG"]
[BlackTeamCountry "ENG"]
[TimeControl "900+70"]
[WhiteClock "0:04:18"]
[BlackClock "0:05:37"]

1. d4 Nc6 2. d5 Ne5 3. Nc3 Ng6 4. h4 h5 5. e4 e5 6. g3 Nf6 7. Be3 Bb4 8. Qd3
Qe7 9. f3 Bc5 10. Bg5 a6 11. O-O-O d6 12. Nge2 Bd7 13. Bh3 Bxh3 14. Rxh3 O-O-O
15. Kb1 Rdg8 16. Rh2 Qd7 17. Nc1 Ne8 18. Nb3 Bb6 19. Qc4 f6 20. Bc1 Ne7 21. Na4
Ba7 22. Qb4 f5 23. Bg5 Nf6 24. Rd3 fxe4 25. fxe4 Ng4 26. Re2 Rf8 27. a3 Rf1+
28. Ka2 Rhf8 29. Rc3 R8f7 30. Bxe7 Rxe7 31. Na5 Qb5 32. Qxb5 axb5 33. Nxb7 0-1

[Event "4NCL Team Rapidplay"]
[Site "Daventry"]
[Date "2013.10.05"]
[Round "7.8"]
[White "Staples, Daniel"]
[Black "Benjamin, Martin"]
[Result "1/2-1/2"]
[ECO "D30"]
[WhiteElo "1972"]
[BlackElo "2040"]
[PlyCount "97"]
[EventDate "2013.10.05"]
[EventType "team-swiss (rapid)"]
[EventRounds "7"]
[EventCountry "ENG"]
[WhiteTeam "SMPS"]
[BlackTeam "CSC"]
[WhiteTeamCountry "ENG"]
[BlackTeamCountry "ENG"]
[TimeControl "900+70"]
[WhiteClock "0:04:18"]
[BlackClock "0:05:37"]

1. d4 d5 2. Nf3 Nf6 3. c4 e6 4. Bg5 Be7 5. e3 O-O 6. Nbd2 b6 7. Be2 Bb7 8. O-O
c5 9. Rc1 Nc6 10. Nb3 dxc4 11. Bxc4 cxd4 12. Nbxd4 Nxd4 13. Nxd4 Rc8 14. Qb3
Bd5 15. Bxf6 Bxf6 16. Bxd5 Qxd5 17. Qxd5 exd5 18. Rfd1 g6 19. Kf1 Rc5 20. b4
Rc4 21. Rxc4 dxc4 22. Nb5 a6 23. Nc7 b5 24. Nxa6 Ra8 25. Nc7 Rxa2 26. Nxb5 Rb2
27. Nc7 c3 28. Nd5 Be5 29. Rc1 c2 30. Ke1 Bd6 31. Kd2 Bxb4+ 32. Nxb4 Rxb4 33.
Rxc2 Kg7 34. Ke2 h5 35. f4 Ra4 36. Kf3 Rb4 37. h3 Ra4 38. g3 Rb4 39. Rc5 Ra4
40. Rb5 Ra1 41. g4 hxg4+ 42. hxg4 Ra4 43. Rg5 Ra7 44. f5 Kf6 45. Kf4 Ra4+ 46.
e4 Rxe4+ 47. Kxe4 Kxg5 48. fxg6 fxg6 49. Kf3 1/2-1/2